 Dungeon Sprint DCSS version 0.28-a0-422-gd71735cc25 (webtiles) character file.

Game seed: 1054884783099627848

602 Lochraine the Protected (level 7, -4/64 HPs)
             Began as a Formicid Fighter on Sept 8, 2021.
             Was an Initiate of Wu Jian.
             Slain by Sonja (5 damage)
             ... in the Dungeon (Sprint I: "Red Sonja").
             The game lasted 00:03:04 (725 turns).

Lochraine the Protected (Formicid Fighter)           Turns: 725, Time: 00:03:04

Health: -4/64      AC: 11    Str: 19 (20) XL:     7   Next: 69%
Magic:  7/7        EV:  9    Int:  7 (8)  God:    Wu Jian [......]
Gold:   142        SH:  4    Dex:  9 (12) Spells: 6/6 levels left

rFire   + . .      SeeInvis +   a - +0 flail
rCold   . . .      Faith    .   c - +0 buckler
rNeg    . . .      Spirit   .   h - +0 chain mail
rPois   .          Reflect  .   (helmet unavailable)
rElec   .          Harm     .   (no cloak)
rCorr   .          Rampage  .   (no gloves)
Will    .....                   (no boots)
Stlth   ..........              (no amulet)
HPRegen 0.20/turn               d - ring of protection from fire
MPRegen 0.10/turn               (no ring)

@: no status effects
A: permanent stasis, dig shafts and tunnels, antennae 3, four strong arms
a: Dig, Renounce Religion


You were in the Dungeon.
You worshipped Wu Jian.
Wu Jian was noncommittal.
You visited 1 branch You collected 142 gold pieces.

Inventory:

Hand Weapons
 a - a +0 flail (weapon)
Armour
 b - a +0 scale mail
 c - a +0 buckler (worn)
 h - a +0 chain mail (worn)
   (You took it off Ijyb in the Dungeon)
Jewellery
 d - a ring of protection from fire (left hand)
   (You found it in the Dungeon)
Potions
 e - a potion of curing {@q1}
 g - 2 potions of magic


   Skills:
 + Level 9.3 Fighting
 + Level 8.2 Maces & Flails
 + Level 9.3 Armour
 + Level 6.5 Dodging
 - Level 3.6 Shields


You had 6 spell levels left.
You didn't know any spells.
Your spell library was empty.

Dungeon Overview and Level Annotations

Branches:
Dungeon (1/1)

Altars:
Cheibriados
Dithmenos
Elyvilon
Fedhas
Gozag
Hepliaklqana
Kikubaaqudgha
Makhleb
Nemelex Xobeh
Okawaru
Qazlal
Ru
Sif Muna
Trog
Uskayaw
Vehumet
Wu Jian
Xom
Yredelemnul
Zin
The Shining One
Jiyva
Lugonu

Shops:
D !

Annotations:
D Sonja


Innate Abilities, Weirdness & Mutations

You cannot be hasted, slowed, berserked, paralysed or teleported.
You can dig through walls and to a lower floor.
You have a pair of large antennae on your head. (SInv)
Your four strong arms can wield two-handed weapons with a shield.


Message History

You start resting.
You start waiting.
Done waiting.
There is an open door here.
You see here a yak skeleton.
There is an ornate altar of the Wu Jian Council here.
Found an opulent altar of Gozag.
There is an open door, spattered with blood here.
Found a sparkling altar of Nemelex Xobeh.
There is an open door, spattered with blood here.
You open the door.
Found a coral ring.
There is an open door here.
d - a ring of protection from fire
There is an open door here.
d - a ring of protection from fire (left hand)
You open the door.
Sonja, the Graceful Assassin comes into view.
She is wielding a +1 short sword of distortion and quivering curare-tipped darts.
Sonja shouts!
Found 108 gold pieces.
Okay, then.
You lunge at Sonja.
You miss Sonja.
Sonja hits you with a +1 short sword of distortion.
Space bends around you. Sonja hits you but does no damage.
Space bends around you.
Sonja hits you with a +1 short sword of distortion.
Space bends around you.
There is an open door here.
Unknown command.
You miss Sonja. You block Sonja's attack. Sonja barely misses you.
Sonja hits you with a +1 short sword of distortion.
Sonja hits you but does no damage. Space warps horribly around you!
* * * LOW HITPOINT WARNING * * *
Sonja hits you with a +1 short sword of distortion.
* * * LOW HITPOINT WARNING * * *
Space warps horribly around you!!
* * * LOW HITPOINT WARNING * * *
Sonja hits you but does no damage.
Unknown command.
Here: Sonja, wielding a +1 short sword of distortion and quivering curare-tipped darts The floor.
It was a potion of degeneration.
There was something very wrong with that liquid.
You feel weakened.
You feel dopey.
You feel clumsy.
Sonja hits you with a +1 short sword of distortion.
* * * LOW HITPOINT WARNING * * *
Sonja hits you with a +1 short sword of distortion.
You die...

#<.#..)..#.)'..#__#
#..)..#..'..#..'..+
#..#####+#####÷#__#
#..## #.####
#..#__#### ##.# {
#..#_____##+#_.+
#⌠⌠#_.∩...'..._# {
####_..__##_.#'#
#_____###@#.#
####### #K### $.$ {
#$.$# { ##.## { #+#
{{ { { {


You could see Sonja.

Vanquished Creatures
  A slime creature (D)
  Sigmund (D)
  A yak (D)
  An ogre (D)
  A jelly (D)
  Ijyb (D)
6 creatures vanquished.

Vanquished Creatures (others)
  A hornet (D)
1 creature vanquished.

Grand Total: 7 creatures vanquished

Notes
Turn   | Place    | Note
-------+----------+-------------------------------------------
     0 | D        | Lochraine the Formicid Fighter began the quest for the Orb.
     0 | D        | Reached XP level 1. HP: 18/18 MP: 1/1
     1 | D        | Noticed Ijyb
    21 | D        | Killed Ijyb
    22 | D        | Reached XP level 2. HP: 19/26 MP: 2/2
    22 | D        | Reached XP level 3. HP: 24/32 MP: 3/3
   102 | D        | Noticed an ogre
   105 | D        | Killed an ogre
   106 | D        | Reached skill level 5 in Maces & Flails
   106 | D        | Reached XP level 4. HP: 35/40 MP: 4/4
   106 | D        | Reached XP level 5. HP: 41/46 MP: 5/5
   110 | D        | Noticed Sigmund
   116 | D        | Killed Sigmund
   117 | D        | Reached XP level 6. HP: 52/56 MP: 6/6
   128 | D        | Found a burning altar of Makhleb.
   128 | D        | Found a viscous altar of Jiyva.
   128 | D        | Found a shimmering altar of Xom.
   128 | D        | Found a corrupted altar of Lugonu.
   128 | D        | Noticed a slime creature
   136 | D        | Killed a slime creature
   137 | D        | Reached skill level 5 in Dodging
   137 | D        | Reached XP level 7. HP: 26/63 MP: 7/7
   142 | D        | Found a shimmering blue altar of Sif Muna.
   143 | D        | Found an ornate altar of the Wu Jian Council.
   144 | D        | Found a radiant altar of Vehumet.
   340 | D        | Became a worshipper of the Wu Jian Council
   343 | D        | Found Lotauxuy's Distillery.
   343 | D        | Found an ancient bone altar of Kikubaaqudgha.
   343 | D        | Found a hazy altar of Hepliaklqana.
   343 | D        | Found a stormy altar of Qazlal.
   343 | D        | Found a hide-covered altar of Uskayaw.
   343 | D        | Found a blossoming altar of Fedhas.
   343 | D        | Found a bloodstained altar of Trog.
   343 | D        | Found an iron altar of Okawaru.
   343 | D        | Found a basalt altar of Yredelemnul.
   343 | D        | Found a glowing golden altar of the Shining One.
   343 | D        | Found a snail-covered altar of Cheibriados.
   343 | D        | Found a sacrificial altar of Ru.
   343 | D        | Found a glowing silver altar of Zin.
   343 | D        | Found a shadowy altar of Dithmenos.
   343 | D        | Found a white marble altar of Elyvilon.
   343 | D        | Noticed a yak
   358 | D        | Killed a yak
   591 | D        | Killed a hornet
   704 | D        | Found an opulent altar of Gozag.
   705 | D        | Found a sparkling altar of Nemelex Xobeh.
   722 | D        | Noticed Sonja
   725 | D        | HP: 1/64 [Sonja (3)]
   725 | D        | Slain by Sonja

Illustrated notes

Levels and vault maps discovered:
D:        dungeon_sprint_1 [red_sonja_temple_1, red_sonja_temple_small_1]

Skill      XL: |  1  2  3  4  5  6  7 |
---------------+----------------------+-----
Fighting       | 4 6 7 8 9 |  9.3
Maces & Flails | 3 5 6 7 8 |  8.2
Armour         | 4 6 7 8 9 |  9.3
Dodging        | 2 4 5 6 |  6.5
Shields        | |  3.6

Action                   |  1- 3 |  4- 6 |  7- 9 || total
-------------------------+-------+-------+-------++-------
Melee: Flail             |    18 |    11 |    13 ||    42
Invok: Lunge             |       |       |     1 ||     1
  Use: Potion            |     2 |       |     1 ||     3
Armor: Scale mail        |     6 |       |       ||     6
       Chain mail        |       |     2 |     4 ||     6
Dodge: Dodged            |     3 |     2 |     3 ||     8
Block: Buckler           |     2 |     2 |     2 ||     6

Table legend: (Time is in decaauts)
 A = Elapsed time spent in this place.
 B = Non-inter-level travel time spent in this place.
 C = Inter-level travel time spent in this place.
 D = Time resting spent in this place.
 E = Time spent auto-exploring this place.
 F = Levels seen in this place.
 G = Mean time per level.
                   A        B        C        D        E       F      G
               +--------+--------+--------+--------+--------+-----+--------+
         Total |    730 |    730 |      0 |    588 |      0 |   1 |  730.0 |
       Dungeon |    730 |    730 |      0 |    588 |      0 |   1 |  730.0 |
               +--------+--------+--------+--------+--------+-----+--------+

Top non-repeatable levels by time:
       D: 730 daAuts
